AoeStats
← PickledCabbage

African Clearing

510464581Analyzed
3v3 RM · 1d ago on Oct 1, 2026· 50m 7s· 6 players
Game mode
Random Map
Map size
Normal (6 player)
Population
200
Speed
Normal
Resources
Standard
Victory
Conquest
Starting age
Dark Age
Ending age
Imperial Age
RankedLock teamsTeams togetherTeam positionsShared explorationLock speedFull tech treeHidden civsTurbo modeCheats
Victory
Defeat
🇦🇷 Wu · Argentina
1533
+13
🇨🇦 Vietnamese · Canada
1492
+14
🇨🇦 Saracens · Canada
1486
+15
🇵🇪 Malians · Peru
1492
-15
🇵🇪 Lithuanians · Peru
1472
-15
🇵🇪 Koreans · Peru
1418
-12
ElTioWani
9:08 Loom
13:33 Feudal Age
15:17 Double-Bit Axe
17:41 Castle Age
16:30 Stone Mining
16:26 Horse Collar
19:02 Bow Saw
21:05 Wheelbarrow
21:26 Scale Barding Armor
32:28 Bloodlines
32:19 Husbandry
32:32 Forging
33:28 Chain Barding Armor
32:29 Light Cavalry
33:12 Town Watch
39:04 Imperial Age
36:32 Gold Mining
36:21 Elite Skirmisher
36:53 Fletching
37:42 Iron Casting
37:44 Thumb Ring
39:13 Padded Archer Armor
39:46 Hill Forts
40:44 Leather Archer Armor
40:41 Bodkin Arrow
41:16 Tower Shields
41:58 Ring Archer Armor
42:38 Bracer
43:10 Ballistics
43:51 Chemistry
43:21 Elite Leitis
45:14 Winged Hussar
47:10 Conscription
48:34 Two-Man Saw
47:35 Heavy Plow
48:37 Hand Cart
50:17 Plate Barding Armor
LEPS
8:05 Loom
13:50 Feudal Age
18:08 Castle Age
25:02 Horse Collar
25:49 Town Watch
26:45 Wheelbarrow
30:55 Double-Bit Axe
45:56 Imperial Age
46:17 Hand Cart
47:26 Scale Barding Armor
47:31 Forging
50:21 Chain Barding Armor
50:36 Iron Casting
50:31 Conscription
50:18 Farimba
CuatroTresTres
13:45 Feudal Age
14:34 Loom
17:15 Castle Age
15:28 Double-Bit Axe
17:07 Fletching
18:09 Bow Saw
17:44 Horse Collar
17:55 Gold Mining
18:08 Bodkin Arrow
18:57 Town Watch
29:23 Wheelbarrow
33:19 Imperial Age
31:57 Gold Shaft Mining
32:31 Masonry
32:48 Hand Cart
33:01 Stone Mining
35:05 Chemistry
34:20 Bracer
38:35 Siege Engineers
39:38 Architecture
39:30 Ballistics
43:00 Conscription
45:33 Conscription
44:34 Elite War Wagon
47:02 Two-Man Saw
46:27 Conscription
46:30 Heavy Rocket Cart
48:31 Shinkichon
49:35 Elite War Wagon
PickledCabbage
10:07 Loom
10:48 Loom
12:59 Feudal Age
14:52 Double-Bit Axe
19:17 Castle Age
17:24 Horse Collar
18:05 Gold Mining
19:34 Elite Skirmisher
20:32 Town Watch
21:09 Fletching
24:50 Bow Saw
27:11 Bodkin Arrow
27:18 Padded Archer Armor
33:14 Ballistics
33:41 Wheelbarrow
33:47 Stone Mining
37:27 Imperial Age
38:20 Bracer
46:15 Chemistry
45:35 Imperial Skirmisher
Chipmunk
9:52 Loom
12:03 Feudal Age
13:02 Double-Bit Axe
13:19 Horse Collar
20:42 Wheelbarrow
23:19 Castle Age
25:27 Bow Saw
25:19 Heavy Plow
25:28 Gold Mining
25:30 Stone Mining
30:50 Ballistics
31:24 Fletching
33:22 Hand Cart
32:54 Town Watch
35:50 Imperial Age
34:14 Masonry
34:05 Bodkin Arrow
35:12 Stone Shaft Mining
35:37 Padded Archer Armor
35:58 Red Cliffs Tactics
35:40 Treadmill Crane
37:05 Conscription
37:55 Chemistry
37:43 Guilds
37:57 Bracer
39:02 Scale Mail Armor
39:12 Forging
38:30 Pikeman
39:10 Squires
40:05 Halberdier
41:05 Elite Fire Archer
42:31 Sitting Tiger
42:51 Chain Mail Armor
43:11 Iron Casting
44:11 Coinage
45:06 Two-Man Saw
44:44 Leather Archer Armor
44:59 Plate Mail Armor
45:24 Gold Shaft Mining
45:30 Banking
46:31 Arson
47:12 Scale Barding Armor
48:08 Blast Furnace
48:13 Chain Barding Armor
48:07 Bloodlines
47:57 Husbandry
48:05 Town Patrol
49:54 Architecture
49:20 Murder Holes
Cyvarios
7:24 Loom
13:08 Feudal Age
16:45 Castle Age
14:52 Town Watch
16:57 Double-Bit Axe
18:05 Forging
28:00 Fletching
35:48 Horse Collar
41:37 Wheelbarrow
42:58 Heavy Plow
42:49 Gold Mining
42:52 Stone Mining
47:47 Imperial Age
45:40 Hand Cart
45:59 Scale Barding Armor
47:13 Chain Barding Armor
47:59 Masonry
48:27 Iron Casting
48:55 Conscription
48:49 Elite Mameluke
50:13 Plate Barding Armor
50:31 Bloodlines
50:21 Husbandry
51:23 Blast Furnace
Connection lost

Rejoining the realm…

Still unreachable

The connection could not be restored.

Session expired

The server has moved on; the page needs a fresh start.